 Dungeon Crawl Stone Soup version 0.27.1-1-g398f81649c (webtiles) character file.

Game seed: 3064366341191253681

188 Atelerd the Digger (level 5, -24/31 HPs)
             Began as an Octopode Earth Elementalist on Sept 21, 2021.
             Was an Initiate of Sif Muna.
             Annihilated by an ogre (31 damage)
             ... in the Ecumenical Temple.
             The game lasted 00:03:57 (3587 turns).

Atelerd the Digger (Octopode Earth Elementalist)    Turns: 3587, Time: 00:03:58

Health: -24/31     AC:  1    Str:  7    XL:     5   Next: 67%
Magic:  1/10       EV: 13    Int: 19    God:    Sif Muna [......]
Gold:   135        SH:  0    Dex: 12    Spells: 5/10 levels left

rFire    . . .     SeeInvis .   j - +1 dagger (protect)
rCold    . . .     Faith    .   (no shield)
rNeg     . . .     Spirit   .   (helmet restricted)
rPois    .         Reflect  .   (no amulet)
rElec    .         Harm     .   (no ring)
rCorr    .         Rampage  .   (no ring)
Will     .....                  (no ring)
Stlth    +++.......             (no ring)
HPRegen  0.10/turn              (no ring)
MPRegen  0.12/turn              (no ring)
                                (no ring)
                                (no ring)

@: very slightly contaminated
A: almost no armour, amphibious, 8 rings, camouflage 1, gelatinous body 1,
(nimble swimmer 1), tentacles
a: Renounce Religion


You were in the Ecumenical Temple.
You worshipped Sif Muna.
Sif Muna was noncommittal.
You visited 2 branches of the dungeon, and saw 5 of its levels.

You collected 135 gold pieces.

Inventory:

Hand Weapons
 a - a +0 short sword
 j - a +1 dagger of protection (weapon)
Missiles
 b - 8 stones
Jewellery
 k - a +6 ring of strength
Wands
 m - a wand of flame (11)
Scrolls
 c - 4 scrolls of identify {unknown}
 e - a scroll of immolation {unknown}
 g - a scroll of magic mapping {unknown}
 l - a scroll of fear {unknown}
Potions
 d - a potion of degeneration {unknown}
 f - 2 potions of flight {unknown}
 h - a potion of mutation {unknown}
 i - a potion of brilliance {unknown}
 n - a potion of curing {unknown}


   Skills:
 - Level 2.0 Dodging
 + Level 2.8 Stealth
 + Level 3.4 Spellcasting
 + Level 3.0 Transmutations
 + Level 4.2 Earth Magic


You had 5 spell levels left.
You knew the following spells:

 Your Spells              Type           Power      Damage    Failure   Level
a - Sandblast             Erth           38%        2d10      2%          1
p - Petrify               Tmut/Erth      17%        N/A       32%         4

Your spell library contained the following spells:

 Spells                   Type           Power      Damage    Failure   Level
 Passwall                 Tmut/Erth      14%        N/A       4%          2
 Stone Arrow              Conj/Erth      22%        3d8       19%         3
 Fireball                 Conj/Fire      1%         3d3       99%         5
 Starburst                Conj/Fire      1%         6d3       100%        6
 Ignition                 Fire           1%         3d3       100%        8


Dungeon Overview and Level Annotations

Branches:
Dungeon (4/15)             Temple (1/1) D:4

Altars:
Ashenzari
Cheibriados
Dithmenos
Gozag
Makhleb
Qazlal
Ru
Sif Muna
Vehumet
Xom
Zin

Shops:
D:3 (=


Innate Abilities, Weirdness & Mutations

You cannot wear most types of armour.
You are amphibious.
You can wear up to eight rings at the same time.
Your skin changes colour to match your surroundings (Stealth+).
Your rubbery body absorbs attacks. (AC +1, EV +1)
((You are camouflaged near water. (Stealth+)))
You have tentacles for arms and can constrict up to eight enemies at once.


Message History

There is an open door here.
Casting: Petrify (extremely dangerous; 32% risk of failure)
Confirm with . or Enter, or press ? or * to list all spells.
The spell is extremely dangerous to cast (32% risk of failure)!
Continue anyway?
Aiming: Petrify (extremely dangerous; 32% risk of failure)
Press: ? - help, Shift-Dir - straight line, f - ogre
Aim: an ogre, wielding a +0 giant spiked club (chance to affect: 48%)
The ogre resists with some effort.
You hit the ogre but do no damage.
Your weapon exudes an aura of protection.
The ogre barely misses you.
Unknown command.
Casting: Petrify (extremely dangerous; 32% risk of failure)
Confirm with . or Enter, or press ? or * to list all spells.
Aiming: Sandblast (safe; 2% risk of failure)
Press: ? - help, Shift-Dir - straight line, f/p - ogre
Aim: an ogre, wielding a +0 giant spiked club (90% to hit)
The blast of sand hits the ogre!
The ogre is heavily wounded.
Casting: Sandblast (safe; 2% risk of failure)
Confirm with . or Enter, or press ? or * to list all spells.
Aiming: Sandblast (safe; 2% risk of failure)
Press: ? - help, Shift-Dir - straight line, f/p - ogre
Aim: an ogre, wielding a +0 giant spiked club (heavily wounded, 90% to hit)
You miscast Sandblast.
You are very lightly contaminated with residual magic.
Nothing appears to happen.
The ogre hits you with a +0 giant spiked club!!
Ouch! That really hurt!
* * * LOW HITPOINT WARNING * * *
Casting: Sandblast (safe; 2% risk of failure)
Confirm with . or Enter, or press ? or * to list all spells.
Aiming: Sandblast (safe; 2% risk of failure)
Press: ? - help, Shift-Dir - straight line, f/p - ogre
Aim: an ogre, wielding a +0 giant spiked club (heavily wounded, 90% to hit)
The blast of sand hits the ogre!
The ogre is severely wounded.
The ogre hits you with a +0 giant spiked club!!
Ouch! That really hurt!
You die...

#.....# ##...## #.....#
#.._..# ###'### #.._..#
#.....###.....###.....#
##...'#.........#'...##
#####...........#####
#.....###.....#
#######....#####....#####
##...##...O#+...'#....##..
#.....#..@##.....##...#...
#.._..'...##..<..##...'.._
#.....#...##.....##...#...
##...##....#'...+#....##..
#######....#####....#####
#.....###.....#
#####...........#####
##...'#.........#'...##
#.....###.....###..._.#


You could see an ogre.

Vanquished Creatures
  A necrophage (D:3)
  An orc wizard (D:3)
  An adder (D:2)
  5 dart slugs
  2 orcs (D:2)
  3 bats
  8 endoplasms
  3 giant cockroaches
  6 goblins
  2 hobgoblins
  3 jackals (D:1)
  3 quokkas
  5 ball pythons
  A frilled lizard (D:1)
  5 kobolds
  5 rats
54 creatures vanquished.

Notes
Turn   | Place    | Note
-------+----------+-------------------------------------------
     0 | D:1      | Atelerd the Octopode Earth Elementalist began the quest for
                  | the Orb.
     0 | D:1      | Reached XP level 1. HP: 11/11 MP: 3/3
   184 | D:1      | Reached XP level 2. HP: 17/17 MP: 3/5
   925 | D:1      | Reached XP level 3. HP: 21/21 MP: 6/6
  2149 | D:2      | Found a faded altar of an unknown god.
  2441 | D:3      | Found Qeimothri's Jewellery Shoppe.
  2529 | D:3      | Reached XP level 4. HP: 27/27 MP: 8/8
  2538 | D:3      | Noticed a necrophage
  2544 | D:3      | Killed a necrophage
  2545 | D:3      | Reached skill level 4 in Earth Magic
  2545 | D:3      | Reached XP level 5. HP: 25/31 MP: 6/9
  2620 | D:3      | Found a shadowy altar of Dithmenos.
  2760 | D:3      | Found Qoigig's Weapon Shop.
  2924 | D:3      | Learned a level 4 spell: Petrify
  3076 | D:3      | Found a stormy altar of Qazlal.
  3334 | D:4      | Found a staircase to the Ecumenical Temple.
  3386 | Temple   | Entered the Ecumenical Temple
  3517 | Temple   | Became a worshipper of Sif Muna the Loreminder
  3537 | D:4      | Noticed an ogre
  3587 | Temple   | Annihilated by an ogre

Illustrated notes

Levels and vault maps discovered:
D:1:      grunt_arrival_lava_bath, layout_loops_corners, nrook_loot_triangle
D:2:      layout_basic, ebering_ecumenical_altar_box
D:3:      layout_rooms, lemuel_doored_altar, pf_just_have_faith, serial_shops,
          nicolae_diamond_shop, nicolae_shop_crystal
D:4:      layout_rooms, minmay_temple_entry_wispy, uniq_crazy_yiuf_cottage
Temple:   nicolae_temple_figure_zero

Skill      XL: |  1  2  3  4  5 |
---------------+----------------+-----
Transmutations | 2 3 |  3.0
Spellcasting   | 3 |  3.4
Earth Magic    | 4 |  4.2
Dodging        | |  2.0
Stealth        | |  2.8

Action                   |  1- 3 |  4- 6 || total
-------------------------+-------+-------++-------
Melee: Unarmed           |    14 |       ||    14
       Tentacles         |    12 |     6 ||    18
       Constrict         |    16 |     7 ||    23
       Short sword       |    43 |       ||    43
       Dagger            |       |    44 ||    44
 Cast: Sandblast         |    15 |     9 ||    24
       Petrify           |       |     2 ||     2
 Stab: Sleeping          |    12 |     6 ||    18
Armor: Skin              |     5 |    10 ||    15
Dodge: Dodged            |    29 |    30 ||    59
